 Dungeon Crawl Stone Soup version 0.27-a0-765-ge4d627daa3 (webtiles) character file.

Game seed: 5390554571369431492

261 dolemite99 the Twirler (level 6, -2/43 HPs)
             Began as a Djinni Gladiator on Mar 25, 2021.
             Was an Initiate of Gozag.
             Slain by Ijyb
             ... wielding a +0 war axe
              (5 damage)
             ... on level 3 of the Dungeon.
             The game lasted 00:06:02 (3626 turns).

dolemite99 the Twirler (Djinni Gladiator)           Turns: 3626, Time: 00:06:03

Health: -2/43      AC:  6    Str: 15    XL:     6   Next: 18%
Gold:   145        EV: 11    Int:  9    God:    Gozag SH:  0 Dex: 15

rFire    + + .     SeeInvis .   a - +0 quarterstaff
rCold    x . .     Faith    .   (shield currently unavailable)
rNeg     . . .     Spirit   .   e - +0 ring mail
rPois    ∞         Reflect  .   c - +0 helmet
rElec    .         Harm     .   (no cloak)
rCorr    .         Rampage  .   (no gloves)
Will     .....                  (boots unavailable)
Stlth    +.........             (no amulet)
HPRegen  0.14/turn              (no ring)
MPRegen  0.00/turn              (no ring)

@: flying
A: fire resistance 2, cold vulnerability 1, float, innate caster, hp casting,
extra vitality 1
a: Renounce Religion, Potion Petition, Call Merchant, Bribe Branch


You were on level 3 of the Dungeon.
You worshipped Gozag.
Gozag was aware of your devotion.
You visited 1 branch of the dungeon, and saw 4 of its levels.

You collected 224 gold pieces.
You spent 52 gold pieces at shops.
You paid 27 gold pieces to Gozag.

Inventory:

Hand Weapons
 a - a +0 quarterstaff (weapon)
 b - a +0 hunting sling
 q - a +0 dagger of protection
Missiles
 d - 3 throwing nets (quivered)
 f - 73 arrows
 j - 12 bolts
 k - 110 stones
Armour
 c - a +0 helmet (worn)
 e - a +0 ring mail (worn)
 i - a +0 leather armour
Scrolls
 h - 2 scrolls of fear {unknown}
 l - 3 scrolls of identify {unknown}
 n - a scroll of vulnerability
 s - a scroll of immolation {unknown}
Potions
 g - a potion of degeneration {unknown}
 m - a potion of brilliance {unknown}
 o - a potion of resistance {unknown}
 r - a potion of cancellation {unknown}


   Skills:
 - Level 2.0 Fighting
 + Level 6.1 Staves
 - Level 1.5 Throwing
 - Level 3.2 Dodging


You had 2 spell levels left.
You knew the following spells:

 Your Spells              Type           Power      Damage    Failure   Level
a - Shock                 Conj/Air       0%         1d3       63%         1
b - Corpse Rot            Necr/Air       N/A        N/A       77%         2
Your spell library was empty.

Dungeon Overview and Level Annotations

Branches:
Dungeon (4/15)
 Temple: D:4-7

Altars:
Gozag
Ru
Sif Muna
Trog
Wu Jian

Shops:
D:1 ((!

Annotations:
D:2 1 runed translucent door, exclusion: downstairs, Crazy Yiuf, Terence
D:3 Grinder, Ijyb


Innate Abilities, Weirdness & Mutations

You are immune to poison.
Your flesh is very heat resistant. (rF++)
You are vulnerable to cold. (rC-)
You float through the air rather than walking.
You learn spells naturally, not from books.
Your magical power is your life essence.
You have superior vitality. (+4 HP)


Message History

Found a shimmering blue altar of Sif Muna and a sacrificial altar of Ru.
There is a stone staircase leading down here.
You now have 145 gold pieces (gained 11).
There are no items here.
There are no items here.
r - a sedimented inky potion
There are no items here.
Sorry, I don't know how to get there.
There is a stone staircase leading down here.
You fly downwards.
Level annotation: Grinder
There is a stone staircase leading up here.
There is a stone staircase leading up here.
s - a scroll labelled LUDEEJAJEBRA You see here a +0 spear.
Ijyb the Twisted Goblin comes into view.
She is wielding a +0 war axe and carrying a wand of iceblast (3).
Ijyb shouts!
Ijyb zaps a wand.
The mass of ice explodes!
The iceblast engulfs you!!
You feel a painful chill!
Ouch! That really hurt!
You hear a shout!
You feel better.
You start resting.
Ijyb is nearby!
Ijyb drinks a potion.
Ijyb flickers and vanishes!
Deactivating autopickup; reactivate with Ctrl-A.
You miss something. Something hits you but does no damage.
You closely miss something. Something hits you.
You closely miss something.
You hear a zap.
An iceblast appears from out of thin air!
The mass of ice explodes!
The iceblast engulfs you!
You feel a painful chill!
The iceblast engulfs something!
You hit something. Something hits you.
* * * LOW HITPOINT WARNING * * *
You barely miss something. Something hits you!
* * * LOW HITPOINT WARNING * * *
You hit something. Something hits you.
You die...
Your body crumbles into a pile of gold.

#### ...# ##<### #...# ##.#.#
######### ...#.##############
#.......## .###.....)......@.#
#........< .#
##############{..####..####.##
.# ..........# #.# .#
...........# ##.# ##
.#.#####....###5.## $ ....
...........$..$ .. .g
>##....##.$.## .. ...
#..............
........##...##


There were no monsters in sight!

Vanquished Creatures
  Sigmund (D:2)
  5 adders
  2 worms (D:2)
  2 dart slugs (D:1)
  An orc (D:3)
  2 ball pythons (D:1)
  6 bats
  5 endoplasms
  5 giant cockroaches
  4 hobgoblins
  4 jackals (D:3)
  2 quokkas (D:2)
  A frilled lizard (D:3)
  A goblin (D:1)
  3 kobolds
  4 rats
48 creatures vanquished.

Notes
Turn   | Place    | Note
-------+----------+-------------------------------------------
     0 | D:1      | dolemite99 the Djinni Gladiator began the quest for the
                  | Orb.
     0 | D:1      | Reached XP level 1. HP: 18/18 MP: 0/0
    50 | D:1      | Reached skill level 3 in Staves
    55 | D:1      | Reached XP level 2. HP: 19/23 MP: 0/0
   227 | D:1      | Found Awuunaugh's Weapon Shoppe.
   252 | D:1      | Bought a +0 hunting sling for 16 gold pieces
   259 | D:1      | Found Moalyasy's Antique Weapon Boutique.
   679 | D:1      | Reached XP level 3. HP: 17/28 MP: 0/0
   679 | D:1      | Learned a level 1 spell: Shock
  1087 | D:1      | Found Socipp's Distillery.
  1095 | D:1      | Bought a potion of curing for 36 gold pieces
  1425 | D:2      | Found a runed translucent door.
  1426 | D:2      | Noticed Crazy Yiuf
  1526 | D:2      | Noticed Sigmund
  1676 | D:2      | Killed Sigmund
  1677 | D:2      | Reached skill level 5 in Staves
  1677 | D:2      | Reached XP level 4. HP: 12/33 MP: 0/0
  1677 | D:2      | Reached XP level 5. HP: 14/38 MP: 0/0
  1677 | D:2      | Learned a level 2 spell: Corpse Rot
  2247 | D:2      | Found an opulent altar of Gozag.
  2272 | D:2      | Became a worshipper of Gozag Ym Sagoz the Greedy
  2273 | D:2      | Found an ornate altar of the Wu Jian Council.
  2276 | D:2      | Found a bloodstained altar of Trog.
  2290 | D:2      | Noticed Terence
  2653 | D:3      | Reached XP level 6. HP: 38/43 MP: 0/0
  2724 | D:3      | Noticed Grinder
  2727 | D:3      | Reached skill level 6 in Staves
  2727 | D:3      | Paralysed by Grinder for 6 turns
  3321 | D:3      | Paralysed by Grinder for 7 turns
  3574 | D:2      | Found a sacrificial altar of Ru.
  3614 | D:3      | Noticed Ijyb
  3626 | D:3      | Slain by Ijyb

Illustrated notes

Levels and vault maps discovered:
D:1:      dpeg_arrival_rhombus, layout_basic, serial_shops, shop, shop, shop,
          minmay_misc_feat_tower, minmay_cupped
D:2:      layout_basic, nicolae_overflow_hidden_temple, lemuel_crystal_altar,
          minmay_misc_feat_rugged, uniq_crazy_yiuf_cottage, uniq_jessica,
          uniq_sigmund, uniq_terence
D:3:      layout_loops_ring, uniq_grinder, uniq_ijyb
D:4:      layout_loops_ring, minmay_temple_entry_ruins, serial_glass,
          glass_columns_c, glass_columns_a, kennysheep_cross_bottleneck,
          hangedman_decor_growths, uniq_eustachio

Skill      XL: |  1  2  3  4  5  6 |
---------------+-------------------+-----
Staves         | 3 5 6 |  6.1
Fighting       | |  2.0
Throwing       | |  1.5
Dodging        | |  3.2

Action                   |  1- 3 |  4- 6 || total
-------------------------+-------+-------++-------
Melee: Quarterstaff      |    39 |   103 ||   142
 Fire: Hunting sling     |    45 |       ||    45
  Use: Scroll            |     3 |       ||     3
       Potion            |     1 |     1 ||     2
Armor: Ring mail         |    26 |    39 ||    65
Dodge: Dodged            |    38 |    57 ||    95

Table legend: (Time is in decaauts)
 A = Elapsed time spent in this place.
 B = Non-inter-level travel time spent in this place.
 C = Inter-level travel time spent in this place.
 D = Time resting spent in this place.
 E = Time spent auto-exploring this place.
 F = Levels seen in this place.
 G = Mean time per level.
                   A        B        C        D        E       F      G
               +--------+--------+--------+--------+--------+-----+--------+
         Total |   3640 |   3465 |    175 |   1640 |   1035 |   4 |  910.0 |
       Dungeon |   3640 |   3465 |    175 |   1640 |   1035 |   4 |  910.0 |
               +--------+--------+--------+--------+--------+-----+--------+

Top non-repeatable levels by time:
     D:2: 1468 daAuts
     D:1: 1357 daAuts
     D:3: 652 daAuts
     D:4: 161 daAuts
